cohdb
Replays
Latest Replays
All Replays
Popular Replays
Top Player Replays
Match Explorer
How It Works
Community
CoH3 Stats
Reddit
Sign in to upload your games and track your stats! →
Sign in with Steam
Match 42637934
Unlisted
Match 42637934
Overview
Messages
Build Orders
End
250 Light Carrier
Selects Italian Infantry
Panzergrenadier Squad
Panzerpioneer Squad
Construct Light Support Kompanie
MG34 Team
2.5-tonne Medical Truck
Fire Support Elements
Selects Defensive Operations
Panzerjäger Squad
Construct Panzerarmee Kommand
Combat Half-tracks
Selects Prepared Positions
Assault Grenadier Squad
Assault Grenadier Squad
Flak 36 Anti-tank Gun Team
250 Light Carrier
hong0701
Vanghoul
Jd577
Wagz
Lick_My_Twinkie
SSSS
疾如风
划水之王
0
0
Comments
sign in to comment!
No comments posted yet!